AoeStats
← alix

Arabia

507981786Analyzed
1v1 RM · 12d ago on Sep 20, 2026· 41m 59s· 2 players
Game mode
Random Map
Map size
Tiny (2 player)
Population
200
Speed
Normal
Resources
Standard
Victory
Conquest
Starting age
Dark Age
Ending age
Imperial Age
RankedLock teamsTeams togetherTeam positionsShared explorationLock speedFull tech treeHidden civsTurbo modeCheats
Victory
Defeat
🇩🇪 Hindustanis · Germany
1848
+12
🇨🇱 Maya · Chile
1767
-12
[CL] Eduardo
0:26 Loom
8:51 Feudal Age
9:32 Double-Bit Axe
13:03 Horse Collar
20:44 Castle Age
19:10 Gold Mining
20:05 Fletching
20:29 Padded Archer Armor
20:37 Stone Mining
22:09 Bow Saw
25:29 Wheelbarrow
25:31 Bodkin Arrow
26:04 Heavy Plow
26:45 Ballistics
32:07 Hand Cart
32:33 Stone Shaft Mining
33:32 Town Watch
36:51 Imperial Age
35:21 Thumb Ring
37:08 Leather Archer Armor
37:00 Elite Plumed Archer
37:42 Bracer
38:53 Chemistry
40:58 Conscription
alix
5:55 Loom
8:18 Feudal Age
8:56 Double-Bit Axe
9:05 Horse Collar
16:56 Fletching
21:09 Castle Age
19:09 Stone Mining
19:57 Scale Mail Armor
19:49 Gold Mining
20:36 Forging
22:14 Bow Saw
22:42 Wheelbarrow
23:14 Chain Mail Armor
23:01 Squires
24:54 Iron Casting
26:22 Heavy Plow
31:01 Hand Cart
34:44 Imperial Age
34:38 Arson
35:04 Elite Ghulam
36:20 Bodkin Arrow
37:27 Blast Furnace
38:10 Conscription
38:20 Grand Trunk Road
39:27 Gold Shaft Mining
39:28 Stone Shaft Mining
39:55 Two-Man Saw
39:29 Town Watch
Connection lost

Rejoining the realm…

Still unreachable

The connection could not be restored.

Session expired

The server has moved on; the page needs a fresh start.